Map: Chantier naval orbital

Players

Worming - Winner!

  • Race: Zerg Zerg
  • League: Diamond

DarthSonGoku

  • Race: Terran Terran
  • League: Gold

VOD

Have the link to the VOD?

Description

Time

  • Played on: Dec. 16, 2015, 2:58 p.m.
  • Length: 21:05
Show
View Real Time Build Order
Export as new Build Order

Worming Zerg - Winner!

Build Orders: Hatch First 

Get SALT Encoding   

  12  0:01  Drone  
  13  0:12  Overlord  
  13  0:19  Drone  
  14  0:34  Drone x2  
  16  0:36  Drone  
  17  0:53  Hatchery  
  17  0:55  Drone  
  17  1:09  Spawning Pool  
  16  1:12  Drone  
  16  1:15  Drone  
  18  1:21  Drone  
  19  1:28  Extractor  
  19  1:30  Drone  
  19  1:39  Overlord  
  19  1:56  Queen  
  19  1:57  Zergling x2  
  22  2:06  Queen  
  22  2:08  Drone  
  25  2:09  Drone  
  26  2:18  Drone x2  
  28  2:31  Queen  
  28  2:34  Overlord x2  
  30  2:43  Extractor  
  28  2:46  Queen  
  28  2:47  Metabolic Boost  
  30  2:55  Drone x4  
  34  3:01  Drone  
  36  3:12  Drone x4  
  40  3:25  Overlord  
  40  3:28  Hatchery  
  40  3:33  Drone  
  40  3:37  Drone  
  41  3:41  Roach Warren  
  41  3:46  Drone x2  
  41  3:47  Drone  
  43  3:48  Drone x3  
  46  4:07  Zergling x8  
  50  4:15  Extractor  
  50  4:17  Extractor  
  48  4:19  Overlord x2  
  48  4:22  Roach x2  
  52  4:28  Overlord  
  52  4:43  Drone x5  
  52  4:45  Lair  
  51  5:11  Zergling x14  
  51  5:12  Roach x5  
  65  5:22  Hatchery  
  64  5:33  Spore Crawler  
  64  5:34  Spore Crawler  
  64  5:35  Drone x6  
  67  5:59  Drone x2  
  67  6:00  Drone x2, Extractor  
  67  6:01  Drone x4  
  74  6:15  Drone  
  74  6:16  Drone x3  
  74  6:18  Drone x3  
  81  6:19  Overlord x3  
  81  6:27  Evolution Chamber x2, Glial Reconstitution  
  81  6:30  Drone  
  77  6:55  Zerg Missile Weapons Level 1, Zerg Ground Armor Level 1  
  77  6:57  Spire  
  77  6:59  Drone x3, Infestation Pit  
  78  7:10  Queen x2  
  82  7:22  Drone x9  
  89  7:29  Drone x3  
  92  7:33  Drone x3  
  95  7:47  Drone x9  
  95  7:49  Extractor  
  95  7:50  Extractor  
  101  7:56  Pathogen Glands  
  101  8:01  Drone x2  
  101  8:02  Drone x2  
  101  8:03  Drone x2  
  107  8:09  Spore Crawler  
  107  8:10  Zerg Flyer Weapons Level 1  
  107  8:11  Overlord x2  
  106  8:13  Overlord  
  106  8:14  Baneling Nest, Overseer  
  106  8:16  Pneumatized Carapace  
  105  8:22  Zergling x12  
  105  8:23  Zergling x2  
  112  8:35  Spine Crawler  
  112  8:38  Overlord  
  112  8:40  Overlord  
  111  8:44  Spine Crawler  
  105  8:49  Zerg Melee Weapons Level 1  
  105  8:52  Zergling x6  
  105  8:53  Zergling x18, Roach x3  
  114  9:01  Zergling x2  
  110  9:07  Queen x3  
  100  9:21  Spore Crawler  
  100  9:24  Mutalisk x11  
  113  9:34  Zerg Ground Armor Level 2  
  107  9:43  Drone x2  
  107  9:44  Queen  
  111  9:48  Drone x2  
  111  9:49  Drone x2  
  111  9:50  Drone x2  
  114  9:56  Zergling x12  
  119  10:11  Zergling x4  
  119  10:12  Zergling x14  
  121  10:17  Extractor  
  121  10:20  Extractor  
  115  10:26  Drone x3  
  115  10:27  Drone x3  
  121  10:38  Drone  
  121  10:39  Zerg Flyer Weapons Level 2  
  121  10:40  Infestor x4  
  130  10:44  Overlord x4  
  130  10:45  Zergling x2  
  130  10:48  Centrifical Hooks, Drone  
  132  10:58  Hatchery  
  117  11:06  Hatchery  
  117  11:08  Baneling x5  
  117  11:09  Baneling x9  
  117  11:10  Zergling x24  
  117  11:11  Zergling x8  
  130  11:20  Burrow  
  130  11:21  Zergling x2  
  130  11:22  Zergling x6  
  128  11:42  Zergling x2  
  128  11:43  Zergling x16  
  128  11:50  Mutalisk x6  
  111  12:25  Zergling x26  
  114  12:37  Zergling x2  
  114  12:38  Zergling x18  
  114  12:41  Hive  
  124  12:44  Zerg Melee Weapons Level 2  
  124  12:47  Drone x3  
  124  12:49  Extractor  
  124  12:50  Extractor  
  125  12:54  Queen x2  
  125  12:55  Neural Parasite  
  125  12:57  Zergling x18  
  138  13:01  Baneling x3  
  138  13:02  Baneling x3  
  137  13:12  Baneling x2  
  132  13:13  Baneling x2  
  132  13:14  Baneling x3  
  128  13:27  Corruptor x4  
  128  13:28  Corruptor x2  
  133  13:44  Corruptor x2  
  133  13:45  Zergling x16  
  133  13:46  Zergling x6  
  140  13:55  Zergling x8  
  121  14:14  Drone x2  
  121  14:15  Drone x4  
  121  14:18  Infestor x2  
  121  14:21  Zergling x22  
  135  14:24  Zerg Flyer Weapons Level 3  
  135  14:26  Ultralisk Cavern  
  122  14:37  Zergling x2  
  122  14:38  Zergling x10  
  124  14:39  Baneling  
  124  14:40  Baneling x8  
  123  14:47  Zerg Ground Armor Level 3  
  123  14:52  Drone x3  
  125  14:55  Extractor  
  125  14:56  Drone x3  
  125  14:58  Baneling x2  
  125  14:59  Baneling x6  
  108  15:32  Zergling x16  
  108  15:34  Chitinous Plating  
  112  15:40  Zergling x18  
  121  15:44  Zergling x16  
  121  15:47  Roach x4  
  135  15:50  Zerg Melee Weapons Level 3  
  135  15:51  Adrenal Glands  
  135  15:53  Zergling x2, Ultralisk  
  142  16:12  Ultralisk x2  
  154  16:19  Baneling  
  154  16:20  Baneling x8  
  154  16:27  Overseer x2  
  154  16:28  Hatchery  
  131  16:57  Zergling x2  
  131  16:58  Zergling x38  
  142  17:09  Mutalisk x6  
  154  17:15  Hatchery  
  153  17:28  Infestor  
  153  17:29  Infestor x2  
  158  17:46  Baneling x6  
  158  17:47  Baneling x4, Ultralisk  
  142  18:18  Mutalisk x3  
  142  18:19  Mutalisk x2  
  148  18:23  Ultralisk x2  
  154  18:38  Drone x2, Extractor  
  154  18:39  Drone x6  
  161  18:42  Extractor  
  161  18:44  Drone x3, Spine Crawler, Extractor  
  161  18:45  Drone x2  
  137  19:09  Ultralisk x3  
  149  19:12  Infestor  
  145  19:23  Extractor  
  144  19:31  Ultralisk  
  144  19:33  Hatchery  
  149  19:45  Corruptor x5  
  158  20:22  Zergling x6, Hatchery  
  158  20:23  Zergling x6  
  158  20:24  Overlord  
  158  20:25  Overlord x2  
Show
View Real Time Build Order
Export as new Build Order

DarthSonGoku Terran 

Build Orders: Reaper Expand, MMM Bio 

Get SALT Encoding   

  12  0:01  SCV  
  13  0:13  SCV  
  14  0:18  Supply Depot  
  14  0:25  SCV  
  15  0:40  SCV  
  15  0:41  Barracks  
  16  0:45  Refinery  
  16  0:52  SCV  
  17  1:04  SCV  
  18  1:16  SCV  
  19  1:29  Orbital Command, Reaper  
  20  1:42  Command Center  
  20  1:53  Supply Depot  
  20  1:54  SCV  
  21  2:02  Marine  
  21  2:08  Factory  
  22  2:10  SCV  
  23  2:18  Refinery  
  24  2:22  SCV  
  24  2:33  Barracks Reactor  
  24  2:35  SCV  
  25  2:47  SCV  
  26  2:58  Starport  
  26  2:59  Orbital Command, SCV  
  27  3:09  Factory Tech Lab  
  27  3:10  Marine x2  
  27  3:11  SCV  
  30  3:18  Refinery  
  30  3:23  SCV  
  31  3:28  SCV  
  32  3:35  Widow Mine, Supply Depot, SCV  
  32  3:36  Medivac  
  32  3:38  Marine x2  
  32  3:40  SCV  
  40  3:47  SCV  
  41  3:51  Barracks  
  41  3:52  SCV  
  42  3:59  Marine  
  42  4:00  Marine  
  45  4:02  SCV  
  45  4:07  Barracks  
  45  4:08  Starport Reactor, Siege Tank  
  47  4:17  Marine  
  47  4:18  SCV x2  
  50  4:26  Supply Depot  
  50  4:30  Supply Depot, SCV x2  
  52  4:33  Liberator  
  52  4:37  Barracks Tech Lab  
  52  4:40  Marine x2  
  54  4:47  Refinery  
  54  4:48  Siege Tank, SCV x2  
  62  4:59  Marine x2  
  64  5:00  SCV  
  64  5:01  Barracks Reactor, Stimpack  
  64  5:05  Barracks  
  65  5:12  Barracks, SCV  
  63  5:22  Marine  
  63  5:25  SCV, Siege Tank, Marine  
  63  5:26  SCV  
  66  5:38  SCV x2  
  66  5:40  Command Center  
  66  5:41  Engineering Bay, Marine  
  69  5:46  Marine  
  70  5:55  Medivac, Supply Depot, Barracks Reactor  
  70  5:59  Supply Depot  
  70  6:01  Barracks Reactor  
  70  6:08  Terran Infantry Weapons Level 1  
  70  6:10  Engineering Bay  
  70  6:15  Supply Depot  
  70  6:17  SCV x2, Supply Depot, Marine x3  
  75  6:18  Medivac  
  75  6:20  Marine  
  78  6:29  SCV  
  78  6:30  SCV  
  78  6:31  Medivac  
  82  6:44  Marine x2  
  82  6:45  Marine x3  
  82  6:46  SCV  
  89  6:47  SCV  
  89  6:48  Terran Infantry Armor Level 1, Marine  
  59  6:54  Orbital Command  
  90  6:55  Marine x3  
  90  6:56  Medivac  
  90  6:59  SCV  
  96  7:01  Medivac  
  96  7:02  Marine  
  96  7:07  Marine  
  96  7:08  Marine x3  
  103  7:09  SCV  
  104  7:21  Orbital Command  
  104  7:23  Marauder, Marine  
  104  7:24  Marine  
  104  7:26  Viking  
  107  7:31  Medivac  
  107  7:34  Armory  
  109  7:37  Factory  
  109  7:40  Barracks  
  109  7:41  Siege Tank  
  109  7:43  Marine x3  
  115  7:44  Marauder  
  115  7:47  Supply Depot  
  117  7:53  Supply Depot  
  117  7:59  Liberator  
  117  8:08  Marine x4  
  117  8:09  Marauder, SCV x2  
  125  8:14  Marine  
  125  8:15  SCV, Marine  
  131  8:21  SCV x2  
  133  8:28  Barracks Reactor  
  133  8:29  Factory Reactor  
  133  8:37  Supply Depot  
  133  8:40  Supply Depot  
  133  8:45  Marine  
  133  8:50  Marine  
  133  8:51  SCV x2  
  133  8:52  Marine x2  
  133  8:58  Marine  
  133  8:59  Marauder, SCV  
  133  9:02  Marine x3  
  140  9:03  SCV  
  141  9:11  SCV  
  137  9:20  Marauder  
  136  9:25  Marine x2  
  136  9:26  Siege Tank, Marine  
  136  9:27  Medivac, SCV x2  
  136  9:28  SCV  
  136  9:29  Terran Infantry Weapons Level 2  
  136  9:30  Terran Infantry Armor Level 2  
  144  9:39  SCV x2  
  144  9:40  SCV  
  144  9:42  Marauder  
  149  9:51  Marine  
  149  10:02  Marine  
  149  10:03  Supply Depot  
  149  10:04  SCV  
  149  10:05  Cyclone, Supply Depot, SCV  
  149  10:06  Marauder  
  149  10:09  Supply Depot  
  149  10:19  Marine x2  
  149  10:20  SCV x2  
  149  10:21  Widow Mine, Liberator x2, SCV, Marine  
  148  10:22  Widow Mine  
  148  10:23  Missile Turret  
  148  10:26  Supply Depot  
  148  10:27  Supply Depot x2, Marauder  
  148  10:28  Missile Turret, Marine  
  152  10:30  Missile Turret  
  152  10:31  Missile Turret  
  152  10:32  SCV  
  152  10:34  Refinery, Marine x5  
  152  10:35  Missile Turret  
  158  10:36  Marine x2  
  166  10:46  Missile Turret  
  166  10:48  Missile Turret, Marauder  
  166  10:49  Missile Turret  
  168  10:50  Combat Shields  
  168  10:53  Missile Turret  
  168  10:56  Refinery  
  168  11:07  Missile Turret, Marine x5  
  168  11:10  Marine x2, Marauder  
  168  11:11  Marine  
  178  11:12  Cyclone  
  178  11:13  Widow Mine x2  
  178  11:14  Marine x2  
  187  11:25  Marine x3  
  190  11:28  Command Center  
  190  11:31  Marauder  
  192  11:39  Liberator x2  
  184  11:43  Marine x4  
  177  11:52  Marauder  
  173  11:55  Marine x2  
  181  12:09  Widow Mine  
  181  12:10  Widow Mine x2  
  181  12:14  Marauder  
  180  12:21  Liberator  
  180  12:22  Liberator  
  163  12:23  Marine x2  
  163  12:24  Marine  
  163  12:25  Marine x3  
  160  12:32  Marine x2  
  160  12:35  Marauder  
  160  12:37  Terran Infantry Weapons Level 3, Terran Infantry Armor Level 3  
  156  12:40  Missile Turret  
  156  12:42  Orbital Command  
  160  12:47  Missile Turret  
  160  12:52  Marine x4  
  160  12:57  Marauder  
  160  12:58  Barracks  
  166  13:01  Barracks  
  166  13:18  Marine x2  
  166  13:19  Siege Tank, Marauder  
  170  13:39  Marine x2  
  170  13:40  Marine  
  171  13:43  Marine x3  
  169  13:49  Marine x4  
  169  13:51  Siege Tank, Marine  
  156  13:57  Marine x2  
  156  13:58  Marine  
  156  14:01  Marine x3  
  153  14:07  Marine x4  
  153  14:09  Marine  
  155  14:15  Marine x3  
  158  14:19  Marine x3  
  155  14:25  Marine x4  
  155  14:26  Marine  
  155  14:30  Orbital Command  
  143  14:33  Marine x3  
  143  14:36  Marine  
  143  14:37  Marine x2  
  149  14:42  Marine  
  149  14:43  Marine  
  151  14:48  Marine x3  
  151  14:50  Medivac x2  
  151  14:51  Marine x2  
  160  15:07  Marine x6  
  160  15:08  Marine  
  160  15:25  Marauder, Marine x3  
  157  15:31  SCV x2  
  141  15:47  Medivac x2, Marauder  
  142  15:52  Marine x3  
  142  15:56  Barracks Reactor x2  
  145  16:08  Marauder  
  147  16:17  Medivac x2, Widow Mine  
  147  16:18  Widow Mine  
  155  16:30  Marauder  
  142  16:42  Marine x3  
  142  16:43  Marine  
  143  16:47  Medivac  
  143  16:53  Marine x2  
  145  17:00  Marine x4  
  149  17:11  Widow Mine x3  
  149  17:12  Marauder, Marine x4  
  161  17:18  Marine x2  
  161  17:21  Marine x3  
  146  17:34  Marauder  
  148  17:40  Missile Turret  
  148  17:42  Marine x2  
  150  17:50  SCV  
  150  17:51  SCV  
  152  17:55  Marauder  
  151  18:05  Marine x3  
  136  18:11  Marine x2  
  133  18:17  Marauder  
  118  18:28  Marine  
  118  18:29  Marine x5  
  118  18:31  Marine x3  
  111  18:38  Marauder  
  111  18:42  Marine x2  
  111  18:43  Marine  
  104  18:59  Marauder  
  104  19:00  Liberator x2  
  104  19:15  Marine x7  
  104  19:16  Marine x2  
  113  19:17  Widow Mine  
  113  19:18  Widow Mine x2  
  113  19:21  Marauder  
  123  19:42  Marauder, Marine x4  
  123  19:43  Liberator, Marine  
  123  19:44  Marine  
  118  19:47  Siege Tank  
  122  20:32  Marine  
  122  20:33  Marauder, Marine x8  
  122  20:34  Marine x2  
  132  20:36  Missile Turret  
  132  20:40  Command Center, Missile Turret  
  132  20:46  Marine  
Tags
 
Add a new tag
Caveats
  • Supply blocks, unpowered buildings, or Contaminate may cause inaccurate times.
  • Supply counts are checked every 10 seconds.